General information
			
			
        
        - name: BNet
 
        - type: Ladder team game (AT/RT)
 
        - host: Battle.net
 
        - saver: Murtar
 
        
map: Highperch 
        - players: 6
 
        - length: 158:42
 
        - speed: Fast
 - version: 1.22 W3XP
 - replay type:  Public
 
» download(702 KB)
Players
        team 1 (winner) 
              
              
JOHN-MATHESON (
purple | 20 APM | 3209 actions | 158:40)
              
 4 Archmage 
 2 Blizzard
 2 Brilliance Aura
 
                » actions 
                
                | Assign group hotkey | 10 |  | 
| Basic commands | 140 |  | 
| Build / train | 104 |  | 
| ESC pressed | 20 |  | 
| Enter build submenu | 127 |  | 
| Enter hero's abilities submenu | 5 |  | 
| Give item / drop item | 1 |  | 
| Right click | 1184 |  | 
| Select / deselect | 666 |  | 
| Select group hotkey | 687 |  | 
| Use ability | 264 |  | 
                3209 total
 » units 
                
                | Peasant | 40 |  | 
| Dragonhawk Rider | 8 |  | 
                48 total
 » upgrades
                
                | Masonry | 3 |  | 
| Cloud | 1 |  | 
| Magic Sentry | 1 |  | 
| Lumber Harvesting | 1 |  | 
| Swords | 1 |  | 
| Armor | 1 |  | 
                8 total
 » buildings
                
                | Lumber Mill | 3 |  | 
| Farm | 23 |  | 
| Scout Tower | 83 |  | 
| Altar of Kings | 2 |  | 
| Guard Tower | 36 |  | 
| Arcane Tower | 3 |  | 
| Keep | 1 |  | 
| Arcane Vault | 1 |  | 
| Castle | 1 |  | 
| Gryphon Aviary | 2 |  | 
| Arcane Sanctum | 1 |  | 
| Blacksmith | 1 |  | 
                157 total
 » build order
                00:23 Lumber Mill
01:25 Farm
01:29 Scout Tower
02:07 Altar of Kings
02:14 Scout Tower
02:26 Farm
02:38 Scout Tower
02:46 Scout Tower
02:50 Scout Tower
02:51 Guard Tower
02:52 Guard Tower
03:12 Scout Tower
03:14 Scout Tower
03:17 Arcane Tower
03:19 Guard Tower
03:23 Scout Tower
03:45 Scout Tower
03:47 Scout Tower
03:48 Guard Tower
03:49 Guard Tower
03:55 Scout Tower
04:02 Guard Tower
04:16 Farm
04:19 Scout Tower
04:20 Guard Tower
04:21 Guard Tower
04:25 Scout Tower
04:34 Guard Tower
04:36 Scout Tower
04:55 Scout Tower
05:01 Scout Tower
05:09 Guard Tower
05:09 Guard Tower
05:11 Guard Tower
05:25 Scout Tower
05:32 Scout Tower
07:00 Scout Tower
07:00 Guard Tower
07:02 Scout Tower
07:03 Guard Tower
07:34 Guard Tower
07:34 Guard Tower
08:34 Scout Tower
08:37 Scout Tower
08:43 Scout Tower
09:06 Guard Tower
09:08 Guard Tower
09:20 Guard Tower
10:13 Scout Tower
10:16 Scout Tower
10:18 Scout Tower
11:51 Guard Tower
12:09 Keep
12:48 Arcane Vault
14:59 Scout Tower
15:01 Scout Tower
15:04 Scout Tower
15:08 Castle
15:13 Gryphon Aviary
15:15 Gryphon Aviary
15:39 Guard Tower
15:40 Guard Tower
15:40 Guard Tower
15:42 Scout Tower
15:46 Scout Tower
15:58 Farm
16:06 Scout Tower
16:15 Scout Tower
16:18 Guard Tower
16:43 Farm
16:47 Guard Tower
16:53 Scout Tower
17:50 Farm
17:53 Scout Tower
17:56 Arcane Tower
17:57 Guard Tower
18:15 Arcane Sanctum
18:31 Farm
18:39 Scout Tower
19:50 Blacksmith
19:54 Farm
20:02 Lumber Mill
20:11 Guard Tower
20:14 Scout Tower
20:46 Scout Tower
21:02 Farm
21:17 Scout Tower
21:18 Guard Tower
22:45 Arcane Tower
23:04 Scout Tower
23:16 Farm
23:19 Farm
23:22 Farm
23:24 Farm
23:25 Farm
23:28 Scout Tower
23:29 Scout Tower
23:31 Scout Tower
23:33 Scout Tower
23:35 Scout Tower
23:37 Scout Tower
24:36 Guard Tower
24:47 Scout Tower
24:52 Scout Tower
24:56 Lumber Mill
25:02 Scout Tower
25:08 Scout Tower
25:13 Scout Tower
25:48 Scout Tower
26:03 Scout Tower
26:08 Scout Tower
26:15 Scout Tower
26:18 Scout Tower
26:20 Scout Tower
26:24 Scout Tower
26:37 Guard Tower
26:54 Scout Tower
27:01 Scout Tower
27:06 Scout Tower
27:13 Scout Tower
27:17 Scout Tower
27:52 Guard Tower
28:00 Scout Tower
28:12 Scout Tower
28:20 Scout Tower
28:25 Scout Tower
28:30 Scout Tower
28:32 Scout Tower
29:19 Scout Tower
29:21 Guard Tower
29:42 Scout Tower
29:48 Scout Tower
29:55 Scout Tower
29:57 Guard Tower
30:01 Scout Tower
30:06 Scout Tower
30:29 Guard Tower
30:44 Scout Tower
30:51 Scout Tower
31:15 Scout Tower
32:02 Scout Tower
32:54 Guard Tower
32:57 Scout Tower
33:57 Scout Tower
34:00 Scout Tower
34:03 Scout Tower
34:52 Guard Tower
46:29 Altar of Kings
46:44 Farm
47:02 Farm
47:32 Farm
48:31 Farm
49:11 Farm
49:51 Farm
50:38 Farm
50:51 Farm
51:39 Farm
» items
                
                | Healing Salve | 1 |  | 
| Scroll of Town Portal | 1 |  | 
                2 total
  
               
              
              
KTRON (
orange | 10 APM | 1664 actions | 158:40)
              
 5 Warden 
 1 Shadow Strike
 1 Fan of Knives
 2 Blink
 1 Spirit of Vengeance
 
                » actions 
                
                | Assign group hotkey | 9 |  | 
| Build / train | 56 |  | 
| ESC pressed | 12 |  | 
| Enter build submenu | 14 |  | 
| Enter hero's abilities submenu | 10 |  | 
| Give item / drop item | 1 |  | 
| Right click | 712 |  | 
| Select / deselect | 329 |  | 
| Select group hotkey | 468 |  | 
| Use ability | 52 |  | 
                1664 total
 » units 
                
                | Wisp | 18 |  | 
| Druid of the Talon | 20 |  | 
                38 total
 » upgrades
                
                | Druid of the Talon Training | 1 |  | 
| Strength of the Wild | 2 |  | 
| Reinforced Hides | 2 |  | 
| Nature's Blessing | 1 |  | 
| Ultravision | 1 |  | 
                7 total
 » buildings
                
                | Altar of Elders | 1 |  | 
| Moon Well | 6 |  | 
| Tree of Life | 1 |  | 
| Tree of Ages | 1 |  | 
| Hunter's Hall | 1 |  | 
| Ancient of Wind | 3 |  | 
                13 total
 » build order
                00:21 Altar of Elders
00:25 Moon Well
10:25 Tree of Life
10:47 Tree of Ages
12:59 Hunter's Hall
14:01 Ancient of Wind
15:15 Moon Well
15:44 Moon Well
17:42 Ancient of Wind
17:53 Ancient of Wind
18:36 Moon Well
18:43 Moon Well
20:03 Moon Well
» items
                
                | Potion of Healing | 2 |  | 
| Healing Salve | 2 |  | 
                4 total
  
               
              
              
Murtar (
blue | 62 APM | 9823 actions | 158:42)
              
 9 Blademaster 
 3 Wind Walk
 3 Critical Strike
 1 Bladestorm
 2 Mirror Image
 1 Beastmaster 
 1 Summon Hawk
 1 Warden 
 1 Fan of Knives
 
                » actions 
                
                | Assign group hotkey | 21 |  | 
| Basic commands | 10 |  | 
| Build / train | 93 |  | 
| ESC pressed | 2 |  | 
| Enter build submenu | 85 |  | 
| Enter hero's abilities submenu | 12 |  | 
| Give item / drop item | 21 |  | 
| Right click | 7714 |  | 
| Select / deselect | 1041 |  | 
| Select group hotkey | 54 |  | 
| Use ability | 770 |  | 
                9823 total
 » units 
                » upgrades
                
                | Reinforced Defenses | 1 |  | 
| Liquid Fire | 1 |  | 
| Ranged Weapons | 2 |  | 
                4 total
 » buildings
                
                | War Mill | 3 |  | 
| Altar of Storms | 1 |  | 
| Orc Burrow | 6 |  | 
| Watch Tower | 63 |  | 
| Stronghold | 3 |  | 
| Voodoo Lounge | 3 |  | 
| Beastiary | 2 |  | 
| Fortress | 1 |  | 
                82 total
 » build order
                00:10 War Mill
00:59 Altar of Storms
01:02 Orc Burrow
01:23 Watch Tower
01:30 Watch Tower
02:25 Watch Tower
02:32 Watch Tower
02:41 Watch Tower
03:37 Watch Tower
03:39 Watch Tower
04:13 Watch Tower
04:42 Watch Tower
04:46 Watch Tower
04:51 Orc Burrow
04:53 Stronghold
04:53 Stronghold
04:59 Watch Tower
05:35 Watch Tower
05:46 Watch Tower
05:49 Voodoo Lounge
05:54 Watch Tower
06:49 Watch Tower
06:51 Watch Tower
07:22 Beastiary
07:24 Beastiary
07:26 Orc Burrow
07:28 Fortress
07:33 Orc Burrow
07:50 Watch Tower
08:42 Watch Tower
08:55 Watch Tower
09:57 Watch Tower
10:15 Watch Tower
11:38 Watch Tower
11:52 Watch Tower
12:53 Watch Tower
12:55 Watch Tower
14:10 Watch Tower
21:16 Orc Burrow
21:18 Orc Burrow
22:36 Voodoo Lounge
24:47 War Mill
26:05 Watch Tower
26:07 Watch Tower
26:08 Watch Tower
26:10 Watch Tower
26:12 Watch Tower
26:14 Watch Tower
26:19 Watch Tower
27:12 Watch Tower
27:13 Watch Tower
27:15 Watch Tower
27:18 Watch Tower
27:20 Watch Tower
27:26 Watch Tower
28:18 Watch Tower
28:20 Watch Tower
28:22 Watch Tower
28:24 Watch Tower
28:26 Watch Tower
29:00 Watch Tower
29:23 Watch Tower
29:52 Watch Tower
31:18 Watch Tower
31:26 War Mill
32:00 Voodoo Lounge
33:51 Watch Tower
33:55 Watch Tower
38:26 Watch Tower
38:28 Watch Tower
39:35 Watch Tower
49:55 Watch Tower
50:24 Watch Tower
52:20 Watch Tower
56:23 Watch Tower
57:11 Watch Tower
57:37 Watch Tower
58:59 Watch Tower
73:58 Watch Tower
74:00 Watch Tower
119:41 Watch Tower
» items
                
                | Healing Salve | 3 |  | 
| Lesser Clarity Potion | 9 |  | 
| Potion of Healing | 3 |  | 
| Potion of Mana | 4 |  | 
| Orb of Lightning | 1 |  | 
| Tiny Great Hall | 2 |  | 
| Staff of Teleportation | 3 |  | 
| Boots of Speed | 1 |  | 
| Scroll of Town Portal | 2 |  | 
| Potion of Lesser Invulnerability | 6 |  | 
                34 total
  
               team 2 (loser) 
              
              
AlexisCR (
teal | 38 APM | 5144 actions | 133:41)
              
 7 Priestess of the Moon 
 3 Trueshot Aura
 3 Searing Arrows
 1 Scout
 
                » actions 
                
                | Assign group hotkey | 54 |  | 
| Basic commands | 628 |  | 
| Build / train | 98 |  | 
| ESC pressed | 5 |  | 
| Enter build submenu | 25 |  | 
| Enter hero's abilities submenu | 8 |  | 
| Give item / drop item | 2 |  | 
| Remove unit from queue | 1 |  | 
| Right click | 2100 |  | 
| Select / deselect | 876 |  | 
| Select group hotkey | 1110 |  | 
| Use ability | 236 |  | 
                5144 total
 » units 
                
                | Wisp | 17 |  | 
| Archer | 7 |  | 
| Dryad | 8 |  | 
| Druid of the Claw | 4 |  | 
| Chimaera | 9 |  | 
| Druid of the Talon | 3 |  | 
                48 total
 » upgrades
                
                | Druid of the Claw Training | 2 |  | 
| Abolish Magic | 1 |  | 
| Reinforced Hides | 1 |  | 
| Strength of the Wild | 1 |  | 
| Well Spring | 0 |  | 
| Ultravision | 1 |  | 
| Mark of the Claw | 1 |  | 
| Nature's Blessing | 1 |  | 
| Druid of the Talon Training | 2 |  | 
| Corrosive Breath | 1 |  | 
                11 total
 » buildings
                
                | Altar of Elders | 1 |  | 
| Moon Well | 10 |  | 
| Ancient of War | 2 |  | 
| Ancient of Wonders | 2 |  | 
| Hunter's Hall | 1 |  | 
| Tree of Ages | 4 |  | 
| Ancient of Lore | 2 |  | 
| Tree of Eternity | 6 |  | 
| Ancient of Wind | 2 |  | 
| Ancient Protector | 1 |  | 
| Tree of Life | 2 |  | 
| Chimaera Roost | 2 |  | 
                35 total
 » build order
                00:11 Altar of Elders
00:16 Moon Well
00:24 Ancient of War
01:55 Moon Well
02:07 Moon Well
02:32 Ancient of Wonders
02:53 Ancient of War
04:20 Moon Well
04:23 Moon Well
04:36 Hunter's Hall
05:34 Tree of Ages
05:35 Tree of Ages
08:05 Ancient of Lore
08:14 Ancient of Lore
08:48 Moon Well
08:51 Tree of Eternity
13:32 Moon Well
14:04 Moon Well
14:44 Ancient of Wind
15:59 Moon Well
16:23 Ancient Protector
17:11 Tree of Life
20:01 Ancient of Wonders
22:56 Tree of Ages
22:56 Tree of Ages
25:17 Tree of Eternity
25:18 Tree of Eternity
25:44 Tree of Life
29:51 Chimaera Roost
29:57 Chimaera Roost
32:13 Ancient of Wind
44:02 Moon Well
» items
                
                | Scroll of Town Portal | 1 |  | 
| Tome of Retraining | 1 |  | 
                2 total
  
               
              
              
Andrescrow (
pink | 45 APM | 5998 actions | 133:37)
              
 6 Crypt Lord 
 1 Carrion Beetles
 3 Spiked Carapace
 2 Impale
 4 Pit Lord 
 2 Rain of Fire
 2 Cleaving Attack
 2 Warden 
 1 Blink
 1 Fan of Knives
 
                » actions 
                
                | Assign group hotkey | 47 |  | 
| Basic commands | 237 |  | 
| Build / train | 101 |  | 
| ESC pressed | 3 |  | 
| Enter build submenu | 37 |  | 
| Enter hero's abilities submenu | 13 |  | 
| Give item / drop item | 4 |  | 
| Right click | 2528 |  | 
| Select / deselect | 1997 |  | 
| Select group hotkey | 583 |  | 
| Use ability | 448 |  | 
                5998 total
 » units 
                
                | Acolyte | 16 |  | 
| Ghoul | 18 |  | 
| Meatwagon | 4 |  | 
| Necromancer | 3 |  | 
| Crypt Fiend | 1 |  | 
| Banshee | 1 |  | 
| Frost Wyrm | 6 |  | 
| Obsidian Statue | 5 |  | 
                54 total
 » upgrades
                
                | Cannibalize | 1 |  | 
| Skeletal Longevity | 1 |  | 
| Necromancer Training | 2 |  | 
| Exhume Corpses | 1 |  | 
| Burrow | 1 |  | 
| Web | 1 |  | 
| Banshee Training | 1 |  | 
| Destroyer Form | 1 |  | 
| Skeletal Mastery | 1 |  | 
| Freezing Breath | 1 |  | 
                11 total
 » buildings
                
                | Ziggurat | 11 |  | 
| Crypt | 3 |  | 
| Graveyard | 1 |  | 
| Altar of Darkness | 1 |  | 
| Tomb of Relics | 2 |  | 
| Halls of the Dead | 1 |  | 
| Temple of the Damned | 2 |  | 
| Slaughterhouse | 2 |  | 
| Black Citadel | 1 |  | 
| Necropolis | 2 |  | 
| Spirit Tower | 3 |  | 
| Sacrificial Pit | 1 |  | 
| Boneyard | 3 |  | 
                33 total
 » build order
                00:07 Ziggurat
00:08 Crypt
00:38 Graveyard
00:59 Altar of Darkness
01:31 Tomb of Relics
01:53 Crypt
02:11 Ziggurat
03:06 Tomb of Relics
05:44 Halls of the Dead
08:10 Temple of the Damned
08:11 Slaughterhouse
08:13 Slaughterhouse
08:14 Temple of the Damned
09:12 Black Citadel
09:55 Ziggurat
10:16 Ziggurat
10:33 Necropolis
15:34 Ziggurat
15:37 Ziggurat
15:39 Ziggurat
15:42 Ziggurat
15:58 Spirit Tower
16:46 Sacrificial Pit
17:42 Boneyard
17:43 Boneyard
17:44 Boneyard
23:26 Spirit Tower
30:04 Necropolis
34:28 Ziggurat
34:29 Ziggurat
37:45 Spirit Tower
41:10 Crypt
59:20 Ziggurat
» items
                
                | Rod of Necromancy | 4 |  | 
| Sacrificial Skull | 2 |  | 
| Dust of Appearance | 1 |  | 
| Scroll of Town Portal | 1 |  | 
| Orb of Corruption | 2 |  | 
| Tome of Retraining | 1 |  | 
| Staff of Teleportation | 5 |  | 
| Scroll of Healing | 1 |  | 
                17 total
  
               
              
              
laelfadehyrule (
yellow | 60 APM | 9463 actions | 158:39)
              
 6 Archmage 
 1 Summon Water Elemental
 3 Brilliance Aura
 2 Blizzard
 4 Blood Mage 
 2 Flame Strike
 2 Siphon Mana
 2 Mountain King 
 1 Storm Bolt
 1 Bash
 
                » actions 
                
                | Assign group hotkey | 59 |  | 
| Basic commands | 1553 |  | 
| Build / train | 103 |  | 
| ESC pressed | 1 |  | 
| Enter build submenu | 43 |  | 
| Enter hero's abilities submenu | 16 |  | 
| Give item / drop item | 7 |  | 
| Right click | 3063 |  | 
| Select / deselect | 2595 |  | 
| Select group hotkey | 1497 |  | 
| Use ability | 526 |  | 
                9463 total
 » units 
                
                | Peasant | 22 |  | 
| Footman | 9 |  | 
| Mortar Team | 5 |  | 
| Flying Machine | 4 |  | 
| Priest | 2 |  | 
| Sorceress | 4 |  | 
| Knight | 1 |  | 
| Siege Engine | 4 |  | 
| Druid of the Talon | 1 |  | 
                52 total
 » upgrades
                
                | Defend | 1 |  | 
| Lumber Harvesting | 1 |  | 
| Gunpowder | 3 |  | 
| Flare | 1 |  | 
| Fragmentation Shards | 1 |  | 
| Sorceress Training | 2 |  | 
| Barrage | 1 |  | 
| Plating | 3 |  | 
| Masonry | 1 |  | 
| Priest Training | 1 |  | 
| Flak Cannons | 1 |  | 
| Flying Machine Bombs | 1 |  | 
                17 total
 » buildings
                
                | Altar of Kings | 1 |  | 
| Barracks | 1 |  | 
| Farm | 13 |  | 
| Lumber Mill | 2 |  | 
| Scout Tower | 6 |  | 
| Town Hall | 6 |  | 
| Guard Tower | 3 |  | 
| Arcane Vault | 1 |  | 
| Keep | 1 |  | 
| Arcane Tower | 1 |  | 
| Blacksmith | 1 |  | 
| Workshop | 3 |  | 
| Arcane Sanctum | 3 |  | 
| Castle | 4 |  | 
                46 total
 » build order
                00:06 Altar of Kings
00:21 Barracks
00:31 Farm
01:12 Farm
01:46 Farm
02:38 Lumber Mill
03:01 Farm
03:16 Scout Tower
03:43 Town Hall
03:44 Guard Tower
03:50 Scout Tower
03:53 Town Hall
04:13 Town Hall
04:20 Arcane Vault
04:26 Guard Tower
04:28 Scout Tower
04:55 Guard Tower
05:50 Keep
06:36 Scout Tower
06:38 Scout Tower
06:44 Scout Tower
07:20 Arcane Tower
07:37 Farm
07:41 Farm
07:42 Farm
08:25 Blacksmith
08:32 Lumber Mill
08:51 Workshop
08:55 Workshop
09:57 Farm
09:58 Farm
09:58 Farm
09:58 Farm
11:15 Arcane Sanctum
11:16 Arcane Sanctum
11:29 Castle
11:29 Castle
11:29 Castle
11:29 Castle
14:13 Workshop
15:05 Arcane Sanctum
15:29 Farm
17:12 Farm
23:13 Town Hall
30:03 Town Hall
30:10 Town Hall
» items
                
                | Tome of Retraining | 1 |  | 
| Boots of Speed | 1 |  | 
| Scroll of Regeneration | 1 |  | 
| Potion of Healing | 1 |  | 
| Lesser Clarity Potion | 1 |  | 
| Staff of Teleportation | 1 |  | 
                6 total
  
                Chat log
          (00:03 / Allies) KTRON: OMFG
(00:05 / Allies) KTRON: HIGHPERCH
(00:06 / Allies) Murtar: don't choke
(00:07 / Allies) Murtar: nubs
(00:11 / Allies) KTRON: what do i do
(00:12 / All) JOHN-MATHESON: welcome to camp highperch
(00:29 / All) Andrescrow: welcome to the jungle!
(00:33 / Allies) KTRON: no seriously
(00:35 / Allies) KTRON: what do i do
(00:36 / Allies) KTRON: lol
(00:39 / Allies) Murtar: warden
(00:41 / Allies) Murtar: no units
(00:44 / Allies) Murtar: feed me and bob
(00:44 / Allies) Murtar: quick
(00:47 / Allies) Murtar: wood asap
(01:04 / Allies) KTRON: i have 0 resources right now
(01:09 / Allies) KTRON: let me get my shit straight
(01:14 / Allies) Murtar: k
(01:16 / Allies) Murtar: thats all i need
(01:43 / Allies) Murtar: get warden
(01:46 / Allies) Murtar: with shadow strike
(01:48 / Allies) Murtar: and harass asap
(02:12 / Allies) Murtar: feed bob a lil too
(02:16 / Allies) KTRON: i am
(02:38 / Allies) KTRON: i fail at harassing lol
(02:52 / Allies) Murtar: just harass
(02:53 / Allies) Murtar: gogog
(02:57 / Allies) Murtar: its like dota
(03:04 / Allies) Murtar: go trina
(03:05 / Allies) Murtar: to their base
(03:08 / Allies) KTRON: OH GOD
(03:09 / Allies) KTRON: DOTA
(03:16 / Allies) Murtar: send cash and shit still
(03:27 / Allies) Murtar: can't let them expo
(03:29 / Allies) Murtar: nice run trina
(03:56 / Allies) Murtar: am
(04:18 / Allies) KTRON: HM
(04:21 / Allies) Murtar: k heal
(04:23 / Allies) Murtar: and expand
(04:26 / Allies) KTRON: i need heal stuff
(04:40 / Allies) KTRON: WOOPS FEED LOL
(06:23 / Allies) Murtar: cl
(06:33 / Allies) Murtar: feed bob
(06:37 / Allies) Murtar: fan
(07:10 / Allies) KTRON: WHO TOOK MY MOONWELL
(07:11 / Allies) KTRON: LOL
(07:15 / All) laelfadehyrule: ur noob wall didnt work my friends
(07:38 / Allies) Murtar: wood
(07:54 / Allies) KTRON: WTF WHO TOOK MY WISPS
(07:56 / Allies) KTRON: THEY DIED
(07:59 / Allies) Murtar: focus
(08:07 / Allies) Murtar: katrina
(08:08 / Allies) Murtar: here now
(08:20 / Allies) KTRON: i need to heal
(08:49 / Allies) Murtar: keep the wood coming
(08:51 / Allies) Murtar: and tech trina
(09:12 / Allies) Murtar: we need to expand tho
(09:15 / Allies) KTRON: anyone have a shop
(09:23 / Allies) Murtar: illi heal u
(09:29 / Allies) Murtar: lets
(10:10 / Allies) Murtar: expand
(10:10 / Allies) Murtar: asap
(10:29 / Allies) Murtar: same thing
(10:31 / Allies) Murtar: trina tech and expand
(11:59 / Allies) Murtar: defend
(12:01 / Allies) KTRON: saw this coming
(12:34 / Allies) Murtar: we need to perch
(12:35 / Allies) Murtar: asap
(12:35 / Allies) Murtar: trina
(12:37 / Allies) Murtar: get dott
(13:13 / Allies) KTRON: ugh
(13:15 / Allies) KTRON: hunters hall
(13:34 / All) Andrescrow: ??
(13:35 / All) Andrescrow: '
(13:35 / All) Andrescrow: ?
(13:35 / All) Andrescrow: ?
(13:36 / All) Andrescrow: ?
(13:36 / All) Andrescrow: ?
(13:36 / All) Andrescrow: ?
(13:52 / Allies) Murtar: trina
(13:56 / Allies) Murtar: get that dott shit
(13:56 / Allies) Murtar: asap
(13:57 / Allies) Murtar: mass them
(14:02 / Allies) KTRON: i know 
(15:00 / Allies) KTRON: how many do i need
(15:04 / Allies) Murtar: all u can
(15:05 / Allies) Murtar: now
(17:27 / Allies) Murtar: backk
(17:35 / Allies) Murtar: another ancient 
(17:37 / Allies) Murtar: of wind
(17:39 / Allies) Murtar: and we need  to perch now
(18:58 / Allies) Murtar: get SHIT loads of dotts
(19:14 / Allies) KTRON: wtf
(19:42 / Allies) KTRON: how did they get over there
(19:45 / Allies) Murtar: invis
(19:53 / Allies) KTRON: hero point?
(20:11 / Allies) Murtar: time to perch
(20:23 / Allies) Murtar: trina
(20:35 / Allies) KTRON: look at all my babies lol
(20:42 / Allies) Murtar: use the hall
(21:32 / Allies) Murtar: upgrade natures blessing
(21:47 / Allies) KTRON: where
(21:51 / Allies) Murtar: tree of life
(22:15 / Allies) KTRON: my dotts
(22:18 / Allies) KTRON: up to the perch?
(22:22 / Allies) Murtar: yea
(22:24 / Allies) Murtar: we need to get up there
(22:25 / Allies) Murtar: quick
(22:38 / All) laelfadehyrule: lol noob wall down
(23:53 / All) laelfadehyrule: carrosftw papillos noobs
(25:04 / All) laelfadehyrule: lol
(25:09 / All) Murtar: ?? :[[[
(25:17 / Allies) KTRON: how many more dotts
(25:23 / Allies) KTRON: dont you guys need resources
(25:24 / Allies) Murtar: as many
(25:25 / Allies) Murtar: as u can
(26:07 / Allies) KTRON: no more dotts lol
(27:03 / All) laelfadehyrule: the noob wall will be tear down
(27:25 / Allies) KTRON: i dont have blink
(27:28 / Allies) KTRON: is this a problem
(27:40 / Allies) KTRON: omg im stuck
(27:56 / All) Andrescrow: :D
(27:57 / Allies) KTRON: dude im stuck in your towers
(28:13 / All) Andrescrow: funny!!!
(28:23 / Allies) KTRON: IM STUCK
(28:27 / Allies) Murtar: ill get u
(28:28 / Allies) Murtar: one sec
(29:02 / Allies) KTRON: WTF
(29:04 / Allies) KTRON: MOVE
(29:06 / Allies) Murtar: ill get u out
(29:21 / Allies) KTRON: aw my wispies
(29:32 / All) Murtar: welcome to camp highperch
(29:35 / All) Murtar: please enjoy your stay.
(29:47 / All) laelfadehyrule: camp hypernoob
(30:18 / Allies) Murtar: staff
(30:20 / Allies) Murtar: to the dott
(30:21 / Allies) Murtar: to get down
(30:33 / All) Murtar: Welcome, to camp highperch.
(31:42 / Allies) Murtar: everyone
(31:43 / Allies) Murtar: staff down
(31:47 / Allies) Murtar: harass
(32:57 / Allies) Murtar: katrina
(32:57 / Allies) Murtar: b
(32:59 / Allies) Murtar: run
(33:34 / Allies) Murtar: katrina
(33:37 / Allies) Murtar: do NOT lose ur hero
(33:39 / Allies) Murtar: or we're fumked
(33:55 / Allies) Murtar: katrina
(33:56 / Allies) KTRON: cant i make an altar
(33:58 / Allies) Murtar: give gold etc
(34:02 / Allies) Murtar: yea u can
(34:05 / Allies) Murtar: but its a pain
(34:07 / Allies) Murtar: make a couple wells
(34:08 / Allies) Murtar: up here
(34:19 / Allies) KTRON: oh shit hahahaa
(34:39 / Allies) KTRON: i need a place for the tree
(34:41 / Allies) KTRON: to root
(34:44 / Allies) JOHN-MATHESON: he's fine
(34:48 / Allies) Murtar: its ok
(34:50 / Allies) KTRON: for wisps
(34:50 / Allies) Murtar: jsut don't die LOL
(34:52 / Allies) KTRON: for wells
(35:31 / Allies) KTRON: did we drain all the mines?
(36:10 / Allies) KTRON: actually can i get some gold to get stuff at the shop
(36:23 / All) laelfadehyrule: and now how dou win idiot ?
(36:27 / All) Murtar: Welcom
(36:32 / All) Murtar: to camp highperch
(36:35 / All) JOHN-MATHESON: call back later
(36:37 / All) Murtar: yea we might afk
(36:45 / All) Murtar: i've got sum movies to watch LOL
(36:55 / All) JOHN-MATHESON: don't feel as though your whines are unimportant to us though
(37:00 / All) JOHN-MATHESON: just leave your name and number
(37:05 / All) JOHN-MATHESON: and we'll get back to you later
(37:11 / Allies) KTRON: watch us lose
(37:19 / Allies) Murtar: lets harass
(37:24 / Allies) Murtar: yea
(37:27 / Allies) Murtar: shut up katrina LOL
(37:41 / Allies) KTRON: damn your fast as a bitch chris
(37:49 / Allies) JOHN-MATHESON: as a BIT
(38:15 / Allies) Murtar: wtf
(38:16 / Allies) KTRON: GET HIM
(38:17 / Allies) Murtar: i can't hit him
(38:30 / Allies) KTRON: weird
(38:55 / Allies) KTRON: LOL
(39:08 / All) JOHN-MATHESON: hey guys
(39:13 / All) Murtar: For replays like this and others, please visit http://highper.ch
(39:13 / All) JOHN-MATHESON: i think you lost some frost wyrms
(39:23 / All) Andrescrow: chileno puto
(39:28 / All) JOHN-MATHESON: que?
(39:29 / All) Andrescrow: homosexual
(39:33 / All) JOHN-MATHESON: que?
(39:35 / All) AlexisCR: maricon
(39:37 / All) Andrescrow: crees q eres bueno
(39:39 / All) Andrescrow: maricon
(39:40 / All) Andrescrow: de mierda
(39:43 / All) Andrescrow: eres un noob
(39:44 / All) JOHN-MATHESON: no habla queero?
(40:14 / Allies) Murtar: well
(40:15 / Allies) Murtar: congrats guys
(40:17 / Allies) Murtar: L:OL
(40:31 / All) Murtar: I'm tha best mayn
(40:36 / Allies) KTRON: you deeed it
(40:36 / All) JOHN-MATHESON: WE DEEEEED IT
(40:47 / All) JOHN-MATHESON: hey guys
(40:59 / All) JOHN-MATHESON: lemme tell you a story
(41:07 / All) JOHN-MATHESON: bout how my life got flipped turned upside down
(41:41 / Allies) KTRON: DONT DIE CHRIS
(41:48 / Allies) Murtar: chris
(41:48 / Allies) Murtar: is pro
(41:51 / All) JOHN-MATHESON: YOU ALMOST GOT HIM
(41:51 / All) Murtar: PP
(41:52 / All) Murtar: PP
(42:43 / Allies) KTRON: his hero is fast
(42:53 / Allies) JOHN-MATHESON: boots of imba-speed
(42:54 / Allies) Murtar: lol
(42:54 / Allies) KTRON: that owl is gonna rape you
(42:58 / Allies) Murtar: no thanks
(42:59 / Allies) Murtar: he lost me
(43:00 / Allies) Murtar: juked
(43:01 / Allies) Murtar: thx
(43:08 / All) JOHN-MATHESON: OH GOD
(43:11 / All) JOHN-MATHESON: HE BROKE UR ANKLES
(43:17 / All) JOHN-MATHESON: ITS LIKE HE PRESSED CIRCLE IN MADDEN
(43:43 / Allies) KTRON: hi
(43:47 / Allies) Murtar: sup yo lol
(43:51 / Allies) Murtar: we need to get u
(43:53 / Allies) Murtar: boots of speed
(43:56 / Allies) KTRON: yah
(44:17 / Allies) Murtar: ROFL
(44:22 / Allies) Murtar: HES TRYING TO REACH US
(44:23 / Allies) Murtar: ROFLROFL
(44:31 / Allies) Murtar: ROFL
(44:39 / All) JOHN-MATHESON: THANKS FOR HELPING US BUILD A MOAT
(44:44 / Allies) KTRON: saved my baby
(44:48 / All) JOHN-MATHESON: IT'LL KEEP THAT PESKY BLACK KNIGHT AT BAY
(45:25 / Allies) Murtar: freth
(45:30 / Allies) Murtar: im going back gentlemens
(45:57 / Allies) KTRON: i want boots and blink
(46:24 / Allies) KTRON: omg.
(46:26 / Allies) Murtar: tav back
(47:20 / Allies) KTRON: the dott is gone btw
(47:22 / Allies) KTRON: i moved it
(47:23 / Allies) Murtar: yea i saw
(47:30 / Allies) Murtar: he's mine
(47:46 / Allies) Murtar: im sure
(47:49 / Allies) Murtar: all the gold
(47:49 / Allies) Murtar: is gone
(47:59 / Allies) KTRON: level 1 lol
(49:22 / Allies) KTRON: hmm no way to fix that tower?
(49:26 / Allies) Murtar: nope
(50:29 / Allies) KTRON: wow so all those siege engines
(50:31 / Allies) KTRON: are useless
(50:32 / Allies) KTRON: lol
(51:04 / Allies) Murtar: gold
(51:05 / Allies) Murtar: is done
(51:31 / Allies) Murtar: pretty sure
(51:34 / Allies) Murtar: those are their last air units
(51:37 / Allies) Murtar: last untis period
(51:41 / Allies) KTRON: BWAHAHAHAHHA
(51:42 / Allies) KTRON: BWAHAHA
(51:45 / Allies) KTRON: BWAAHA
(51:46 / Allies) KTRON: BADJLFSDLJF
(52:27 / Allies) KTRON: GET THE CHIMS
(52:52 / All) JOHN-MATHESON: sneaky sneaky
(53:05 / All) AlexisCR: u can go wacth the movie itch
(53:07 / All) JOHN-MATHESON: that was a good idea
(54:17 / Allies) Murtar: trina
(54:19 / Allies) Murtar: how much u got
(54:22 / Allies) Murtar: resource wise
(54:26 / Allies) KTRON: UH
(54:27 / Allies) Murtar: k
(54:28 / Allies) Murtar: i saw
(54:29 / Allies) Murtar: 09-0
(54:30 / Allies) KTRON: nothing
(54:39 / Allies) KTRON: dude
(54:49 / Allies) KTRON: can i get him with my dotts
(55:44 / All) laelfadehyrule: welcome to camp kick ur asss
(55:48 / Allies) KTRON: lol
(56:10 / All) Murtar: nice
(56:11 / All) Murtar: 2 chims
(56:13 / All) Murtar: ty 
(56:35 / All) laelfadehyrule: lol
(57:09 / Allies) KTRON: hm
(57:12 / Allies) KTRON: are we gonna lose
(57:15 / Allies) Murtar: no
(57:26 / Allies) JOHN-MATHESON: they can't blink up anymore
(57:31 / Allies) JOHN-MATHESON: without getting owned
(57:47 / All) Andrescrow: dance dance!
(58:28 / Allies) KTRON: ehh
(58:32 / All) AlexisCR: hows the movie....
(59:13 / Allies) Murtar: i got this
(59:27 / Allies) KTRON: kill the warden lol
(59:55 / Allies) KTRON: can i do something with my dotts
(59:56 / Allies) KTRON: or what
(60:06 / Allies) KTRON: omg
(61:07 / All) JOHN-MATHESON: so i was watching BLADErunner, but then a STORM came out and knocked out my shit
(61:22 / All) Murtar: wow what a coincidence LOL
(61:29 / All) JOHN-MATHESON: INORITE
(63:01 / Allies) Murtar: i need some warden support down hurr but don't lose yer hero lol
(63:42 / Allies) KTRON: umm
(66:52 / All) Murtar: how will u get up now :D
(67:01 / All) Murtar: it is a question
(67:18 / All) Murtar: the answer not known
(67:22 / All) Murtar: by many
(67:26 / Allies) KTRON: too late
(67:38 / Allies) KTRON: theyre coming up this side
(67:43 / Allies) Murtar: obv
(67:46 / Allies) Murtar: thats the hard one to get up tho
(67:47 / Allies) Murtar: for real
(68:20 / All) Andrescrow: chilenos hijos de puta
(68:21 / All) Murtar: yellow must be the smart one lol
(68:22 / All) Andrescrow: malparidos
(68:25 / All) Andrescrow: por q no se van
(68:29 / Allies) Murtar: katrina
(68:31 / All) KTRON: i dont think that thats working
(68:32 / All) Andrescrow: a la fiesta homosexual
(68:33 / Allies) Murtar: make sure u control those dotts
(68:35 / Allies) Murtar: very well
(68:40 / All) Andrescrow: en la q deberian estr
(68:42 / All) Murtar: o the wardan is bak
(68:45 / Allies) KTRON: and do what
(69:38 / Allies) Murtar: thats her
(70:06 / Allies) KTRON: miss lol
(71:05 / Allies) KTRON: this is annoying
(73:24 / Allies) Murtar: trina gold
(73:35 / Allies) Murtar: trinas had blink
(73:37 / Allies) Murtar: this whole time lol
(73:42 / Allies) KTRON: no i just got it
(73:46 / Allies) KTRON: by sitting up here
(74:36 / Allies) KTRON: like forreal
(74:49 / Allies) KTRON: bob can you use blizzard on them
(74:55 / Allies) JOHN-MATHESON: no we've been trying
(74:57 / Allies) JOHN-MATHESON: they're out of range
(75:06 / All) Murtar: gg PL
(75:09 / All) Murtar: nice mistake
(75:09 / All) JOHN-MATHESON: gg
(75:11 / All) Murtar: there goes one aoe
(76:18 / Allies) KTRON: UGH
(78:06 / Allies) KTRON: what should i get with my hero point
(78:13 / Allies) Murtar: are u lvl 6
(78:17 / Allies) KTRON: 5
(78:32 / Allies) Murtar: blink
(79:08 / Allies) KTRON: hi that
(79:10 / Allies) KTRON: thar
(79:44 / Allies) Murtar: lol
(79:46 / Allies) Murtar: it wood be sick
(79:48 / Allies) Murtar: if we perched up here
(79:49 / All) JOHN-MATHESON: ima get a snack
(79:50 / Allies) Murtar: they wroked so hard
(79:53 / Allies) Murtar: and beat it
(79:56 / Allies) Murtar: and we had that side
(79:59 / Allies) Murtar: perched too
(80:00 / Allies) Murtar: ROFL
(80:09 / All) Murtar: hey guys
(80:14 / All) Murtar: did u check the toher side out yet?
(80:23 / All) laelfadehyrule: we will soon
(80:26 / All) Murtar: no
(80:30 / All) Murtar: i meant the left side of the map
(80:41 / All) Murtar: we perched there too
(80:49 / All) laelfadehyrule: theres nothing noob
(81:31 / Allies) KTRON: i enjoy following the adventures of chris' bm
(82:24 / Allies) KTRON: poop
(82:34 / Allies) Murtar: lol
(82:43 / Allies) KTRON: ha saw that
(82:46 / Allies) Murtar: i made him dispel
(82:49 / Allies) Murtar: cause he thought i was ganna hit the rest
(82:51 / Allies) Murtar: def didn't
(82:59 / Allies) Murtar: time to get some cash flow
(83:22 / Allies) KTRON: niceeee
(83:45 / Allies) KTRON: im surprised they didnt creep everything
(83:54 / Allies) KTRON: considering theres probably no gold on the map
(84:13 / All) JOHN-MATHESON: mmm this cookie is good
(84:15 / Allies) Murtar: snacth a tp soon prob
(84:17 / All) JOHN-MATHESON: ya'll get some snacks?
(84:20 / All) Andrescrow: my dick?
(84:28 / All) Murtar: Are you guys getting mad? :D
(84:30 / All) Murtar: J/w
(84:41 / All) JOHN-MATHESON: your dick couldn't shop lift at thrifty?
(84:53 / Allies) KTRON: fucking owl
(85:23 / Allies) KTRON: im gonna bring the dott back up after you tp
(85:34 / All) Murtar: very strategic
(86:11 / Allies) Murtar: dont get in sight
(86:13 / Allies) Murtar: of the tree
(86:14 / Allies) Murtar: over there
(87:02 / All) JOHN-MATHESON: that was a nice try
(87:02 / All) laelfadehyrule: does it hurt?
(87:02 / All) Andrescrow: jala PLAYO!
(87:07 / All) JOHN-MATHESON: but i have a healing fountain
(87:14 / All) KTRON: SHIT
(87:34 / All) JOHN-MATHESON: i don't see your healing fountain freddy, wheres your healing fountain?
(88:47 / All) Andrescrow: En serio q ustds son lo peor
(88:54 / All) Andrescrow: densintalen el juego
(88:57 / All) Andrescrow: vayansen para la mierda
(88:58 / Allies) KTRON: wtf is up with this spanish shit
(89:00 / All) Andrescrow: y teng
(89:03 / Allies) KTRON: like seriously
(89:05 / Allies) KTRON: hes retarded
(89:08 / All) JOHN-MATHESON: you know you're not being clever if we can't understand it
(89:26 / All) JOHN-MATHESON: so gg impressing yourself
(90:06 / Allies) KTRON: whatd you get a town portal for
(90:10 / Allies) Murtar: its basically
(90:12 / Allies) Murtar: an o shit button
(90:21 / Allies) Murtar: yea
(90:22 / Allies) Murtar: they're going top
(90:50 / All) JOHN-MATHESON: i seeeeeeee you
(91:37 / Allies) KTRON: im sleepy
(93:33 / Allies) KTRON: move bob
(94:17 / Allies) KTRON: omg.
(94:19 / All) laelfadehyrule: lol
(94:56 / Allies) Murtar: katrina
(95:00 / Allies) Murtar: sell ur staff ur not using it
(100:22 / All) Murtar: HAIL SATAN
(100:40 / Allies) KTRON: well shit
(102:03 / Allies) Murtar: lol what along game
(102:12 / Allies) KTRON: im tired as fuck
(102:16 / All) JOHN-MATHESON: isn't it past u guys' bed time?
(102:51 / All) Murtar: 3 factories 3 workshops
(102:54 / All) Murtar: is that neccessary?
(104:10 / All) Andrescrow: pagueñl
(104:52 / All) JOHN-MATHESON: so uhhh
(104:57 / All) JOHN-MATHESON: wheres ur air support?
(105:09 / All) laelfadehyrule: where is ur base ?
(105:12 / Allies) KTRON: yes i am stuck
(105:14 / All) JOHN-MATHESON: up here
(105:19 / All) JOHN-MATHESON: haven't u seen it?
(105:29 / All) JOHN-MATHESON: its our perch
(105:39 / All) Murtar: our highperch
(105:48 / All) laelfadehyrule: hiopergay ?
(106:00 / All) KTRON: wow
(106:03 / All) KTRON: that was clever.
(107:14 / Allies) KTRON: oh yea i have 53 gold
(107:21 / Allies) Murtar: throw it to me
(108:23 / Allies) KTRON: where are they off to
(109:21 / Allies) KTRON: omg i want to sleep
(110:07 / Allies) Murtar: this guy sounds like madden
(110:28 / Allies) KTRON: im so over that owl
(111:30 / Allies) Murtar: why do people talk to us
(111:31 / Allies) Murtar: on vent
(111:35 / Allies) Murtar: i hate it so much
(111:36 / Allies) JOHN-MATHESON: no clue
(111:38 / Allies) Murtar: but i like to be polite
(111:38 / Allies) JOHN-MATHESON: yeah
(111:44 / Allies) JOHN-MATHESON: lol
(111:46 / Allies) JOHN-MATHESON: you
(111:48 / Allies) JOHN-MATHESON: like
(111:50 / Allies) JOHN-MATHESON: to be
(111:51 / Allies) JOHN-MATHESON: polite?
(112:06 / All) JOHN-MATHESON: didn't you guys try that side already?
(112:24 / Allies) Murtar: and we care
(112:24 / Allies) Murtar: why
(112:47 / Allies) Murtar: wow
(112:49 / Allies) Murtar: almost lost one
(112:50 / Allies) Murtar: not good
(112:52 / Allies) KTRON: yea
(112:53 / All) JOHN-MATHESON: he had 20 hp
(112:54 / All) JOHN-MATHESON: nice try
(113:44 / Allies) Murtar: trina
(113:46 / Allies) Murtar: wheres ur warden
(113:51 / Allies) KTRON: here
(115:07 / Allies) KTRON: hm
(115:12 / Allies) Murtar: time to go
(115:14 / Allies) Murtar: fuck their shit up
(116:18 / Allies) KTRON: did you die
(116:24 / Allies) Murtar: hell no
(116:30 / Allies) KTRON: where are you
(116:37 / Allies) KTRON: ...how
(116:46 / Allies) Murtar: that was a mirror imbge
(116:53 / Allies) Murtar: one of his skills
(117:10 / Allies) KTRON: im sure they got really excited haha
(118:03 / Allies) KTRON: ew
(121:03 / Allies) KTRON: the potm doesnt have any more tps
(121:06 / Allies) KTRON: get her
(121:46 / Allies) KTRON: did she have a staff
(121:46 / Allies) KTRON: lol
(121:50 / Allies) JOHN-MATHESON: yeah lol
(121:54 / Allies) KTRON: hahahahaha
(122:00 / Allies) KTRON: totally forgot about those
(123:48 / All) Andrescrow: hey guyz
(123:50 / All) Andrescrow: u sucks
(123:52 / All) Andrescrow: really
(123:53 / All) Murtar: hai LOL
(124:01 / All) Murtar: i've never seen nergins scramble so hard for a win
(124:03 / All) KTRON: im hungry
(124:05 / All) JOHN-MATHESON: i don't see u winning yet lawl
(124:18 / All) Murtar: this would probably be your first win rite lol? you're sure trying hard enuf LOLOLOL
(124:30 / All) JOHN-MATHESON: none can defeat JOHN MATHESON, CHAMPION OF CANADA
(124:35 / Allies) KTRON: god fucking shit its fucking 330
(124:42 / Allies) Murtar: they're almost
(124:43 / Allies) Murtar: out of cash
(124:47 / Allies) Murtar: thast all they got left
(126:04 / Allies) KTRON: kill the shop?
(126:56 / All) KTRON: LOLLLLLLLLLLLLLLLLLLLLLLLLLLLL
(127:07 / Allies) KTRON: I HAVE MY ULTIMATE
(127:08 / Allies) KTRON: YUMMY
(127:14 / Allies) Murtar: ROPFL
(127:15 / Allies) Murtar: GG
(127:32 / Allies) KTRON: mm...so apparently
(127:37 / Allies) KTRON: this ultimate uses corpses?
(127:39 / Allies) Murtar: yea
(127:41 / Allies) Murtar: which is why
(128:08 / Allies) Murtar: trina
(128:10 / Allies) Murtar: tele there
(128:13 / Allies) Murtar: well don't
(128:15 / Allies) Murtar: on second thought
(128:15 / Allies) KTRON: i dont have my staff.
(128:19 / Allies) KTRON: remember?
(128:35 / All) Murtar: so is it afk wars now?
(129:39 / Allies) KTRON: ,,,,,,,,,,,,,,,,,,,,,,,,,,,,,,
(131:13 / Allies) KTRON: can they just leave already
(131:14 / Allies) KTRON: like
(131:19 / Allies) KTRON: can they even revive their heroes
(131:23 / Allies) KTRON: if theres no money
(131:40 / Allies) KTRON: wheres the warden at
(131:44 / Allies) KTRON: LETS RAPE HER
(131:45 / Allies) JOHN-MATHESON: with that pack
(132:14 / Allies) Murtar: hang tite guys
(132:57 / Allies) Murtar: don't lose that warden
(132:59 / Allies) Murtar: ill brb cig
(133:02 / Allies) Murtar: just hold the fort down for me
(133:03 / Allies) Murtar: o nvm
(133:05 / Allies) Murtar: nigger down here
(133:11 / Allies) KTRON: YEA
(133:34 / All) Murtar: nt.
(133:37 / All) KTRON: LOL
(133:39 / All) JOHN-MATHESON: that was a nice try
(133:39 / Allies) KTRON: LOL
(133:41 / All) JOHN-MATHESON: BUUUUUUUUUT
(133:45 / All) KTRON: LEAVE NOW
(133:46 / All) KTRON: LEAVE
(133:48 / All) JOHN-MATHESON: HIGHPERCHED
(133:49 / All) KTRON: GO AWAY
(133:51 / All) KTRON: LEAVE
(133:53 / All) laelfadehyrule: make us
(133:54 / All) Murtar: For replays like this and others, please visit http://highper.ch
(133:57 / All) JOHN-MATHESON: HIGHPERCHED
(133:58 / All) KTRON: LOL OK
(134:01 / All) Murtar: brb cig
(134:05 / All) KTRON: YOU ALREADY LOST A TEAMMATE
(134:07 / All) KTRON: GG
(134:16 / All) KTRON: BUE
(134:21 / All) KTRON: LEAVE
(134:50 / Allies) KTRON: did chris really leave lol
(134:54 / Allies) JOHN-MATHESON: YEAH
(134:56 / Allies) JOHN-MATHESON: oops
(135:20 / Allies) JOHN-MATHESON: have those dotts ready
(135:21 / Allies) JOHN-MATHESON: yeah
(136:11 / Allies) KTRON: lol
(136:18 / Allies) KTRON: chris is missing the best part
(136:25 / All) JOHN-MATHESON: worth building those chimes?
(137:29 / All) JOHN-MATHESON: so the star wars episode of robot chicken is on
(137:31 / All) JOHN-MATHESON: funny stuff
(137:39 / All) JOHN-MATHESON: thought you should know
(137:50 / All) JOHN-MATHESON: OUR TONGUES CAN'T REPEL FLAVOR OF THIS MAGNITUDE
(138:20 / All) Murtar: yo that cig was nice
(138:29 / Allies) KTRON: 11
(138:50 / All) JOHN-MATHESON: again
(138:51 / All) Murtar: well thats some money down the toilet LOL
(138:55 / All) JOHN-MATHESON: a nice try
(139:05 / All) JOHN-MATHESON: you should work on your micro
(139:06 / All) KTRON: two of them left while you were away chris
(139:09 / All) Murtar: orly
(139:10 / All) JOHN-MATHESON: maybe leave and play some micro wars?
(139:15 / All) KTRON: yes
(139:45 / All) Murtar: o shit
(139:48 / All) Murtar: my illusion!!!
(139:52 / All) Murtar: LOL
(140:48 / All) Murtar: waste again
(141:21 / All) Murtar: so yellow, you're going on 3 and 1/2 hours of a game that you can't seem to win at
(141:23 / All) Murtar: how do you feel?
(141:37 / Allies) KTRON: HI CHRIS
(141:41 / Allies) Murtar: hi lol.
(141:47 / Allies) KTRON: HOW WAS IT 
(141:49 / Allies) KTRON: DOWN BELOW
(141:50 / Allies) Murtar: very nice work gentlemens
(141:58 / Allies) Murtar: katrina ur talking to allies LOL
(142:03 / Allies) KTRON: I KNOW
(142:08 / Allies) KTRON: HAHAHA
(142:17 / Allies) KTRON: I THINK IM GOING HYSTERICAL
(142:19 / Allies) KTRON: FROM LACK OF SLEEP
(142:24 / Allies) KTRON: I HAVE A 930 TOMORROW
(142:26 / Allies) KTRON: DOODOO
(142:30 / Allies) Murtar: u can leave it on
(142:33 / Allies) Murtar: and goto sleep if u want
(142:44 / Allies) JOHN-MATHESON: lol i have 830 court
(142:45 / Allies) Murtar: i think me and bob got this
(142:46 / Allies) JOHN-MATHESON: in hampton
(142:47 / Allies) KTRON: AND MISS THE FUN??
(142:59 / Allies) KTRON: I FEEL LIKE THEYRE JUST SITTING DOWN THERE
(143:03 / Allies) JOHN-MATHESON: prob
(143:09 / Allies) KTRON: TRIF
(143:23 / Allies) Murtar: daytime
(143:24 / Allies) Murtar: =
(143:25 / Allies) Murtar: win
(144:04 / Allies) Murtar: shiat
(144:10 / All) JOHN-MATHESON: YOU GOT ONE
(144:14 / All) JOHN-MATHESON: GG DUCKHUNT
(144:15 / All) KTRON: THANKS IM BACK TO NO UPKEEP
(144:15 / All) Murtar: 20 to go
(144:20 / Allies) KTRON: not that it matters...lol
(145:26 / Allies) KTRON: so bob
(145:30 / Allies) Murtar: juked
(145:30 / Allies) JOHN-MATHESON: so
(145:33 / Allies) KTRON: did you never get your hero back
(145:35 / Allies) KTRON: i just noticed that
(145:36 / Allies) KTRON: lol
(145:36 / Allies) JOHN-MATHESON: nope
(146:08 / All) Murtar: thats money
(146:18 / All) Murtar: time to regen mana
(146:25 / All) Murtar: an hp
(146:28 / Allies) KTRON: ummmm so
(146:32 / Allies) KTRON: like
(146:43 / Allies) KTRON: oops.
(146:45 / Allies) Murtar: katrina...
(146:45 / Allies) KTRON: my bad chris
(146:45 / Allies) Murtar: lol
(146:56 / Allies) KTRON: heh................................
(147:08 / Allies) KTRON: anyways what if they never leave
(147:10 / Allies) Murtar: i want that warden down there
(147:11 / Allies) KTRON: wtf.
(147:13 / Allies) Murtar: but at the same time
(147:16 / Allies) Murtar: i don't want to lose it
(147:30 / Allies) KTRON: mmm....
(147:44 / Allies) KTRON: its a toughie
(147:56 / All) Murtar: i wish towers were mobile
(148:20 / Allies) KTRON: theyre awfully quiet.
(148:24 / All) Murtar: yellow
(148:31 / All) Murtar: ima look up yer statistics ok lol?
(148:33 / All) Murtar: brb
(148:34 / Allies) JOHN-MATHESON: that guy was always the quiet one
(149:00 / Allies) KTRON: hes definitely just gonna sit down there...
(150:01 / Allies) KTRON: omg
(150:03 / Allies) KTRON: that was close
(150:05 / Allies) KTRON: as a motherfucker
(150:24 / All) laelfadehyrule: well I cant say gg, for it was not
(150:26 / All) Murtar: worth it?
(150:31 / All) KTRON: why not?
(150:32 / All) Murtar: it definently was a gg
(150:39 / All) KTRON: now you and your friends can do it
(150:46 / All) JOHN-MATHESON: u guys came up with some interesting coutners
(150:47 / All) Murtar: i enjoyed the part where you guys knocked down the "noobwall"
(150:52 / All) Murtar: with a sense of victory
(150:56 / All) laelfadehyrule: and hopefully they will fix this map ewrror
(150:57 / All) JOHN-MATHESON: BUT U CAN'T BEAT TEH HIGHPERCH
(151:04 / All) KTRON: you guys actually got up here
(151:07 / All) Murtar: map error?
(151:09 / All) JOHN-MATHESON: HOPEFULLY THEY PUT GOLD MIENS UP HERE AMIRITE?!?!
(151:11 / All) laelfadehyrule: and u will not be able to do this anymore 
(151:12 / All) Murtar: i beg to differ
(151:13 / All) Murtar: lol
(151:18 / All) Murtar: in that case
(151:22 / All) Murtar: we will simply outplay you
(151:30 / Allies) Murtar: here
(151:33 / Allies) Murtar: bob and katrina
(151:34 / Allies) Murtar: have a bm
(151:46 / All) laelfadehyrule: u lack any skill 
(151:51 / All) Murtar: 1v1?
(151:52 / All) JOHN-MATHESON: 1v1?
(151:54 / All) JOHN-MATHESON: manner up
(152:05 / Allies) KTRON: lol
(152:06 / Allies) Murtar: lol
(152:10 / All) Murtar: 1v1 plz?
(152:10 / All) laelfadehyrule: u suck as hell 
(152:14 / All) Murtar: lets solo then
(152:16 / All) Murtar: i guarantee
(152:19 / All) Murtar: i will finish you
(152:21 / All) Murtar: in under 10 minutes
(152:30 / Allies) KTRON: hahahahahhaha
(152:33 / All) JOHN-MATHESON: thats a money back guarantee
(152:33 / Allies) KTRON: that was fun
(152:47 / Allies) KTRON: where the fuck did she come from
(153:34 / All) JOHN-MATHESON: u rejuv'd the wrong unit
(153:35 / All) JOHN-MATHESON: fyi
(153:40 / All) laelfadehyrule: u suck
(153:44 / All) KTRON: lol
(153:51 / All) JOHN-MATHESON: i'm not the one rejuving the bar
(153:52 / All) laelfadehyrule: pñlay any other map and ull lose
(153:58 / All) laelfadehyrule: play*
(154:41 / All) laelfadehyrule: u are worthless
(154:45 / All) Murtar: :]
(154:53 / All) JOHN-MATHESON: oh i'd say i'm worth at least tree fitty
(154:54 / All) KTRON: im really tryna see this 1v1
(154:59 / All) Murtar: Welcome to camp Highperch, I do hope you enjoyed your stay.
(155:05 / All) laelfadehyrule: I know the result
(155:11 / All) laelfadehyrule: towers alone cant beat me
(155:13 / All) KTRON: well then lets see it
(155:15 / All) JOHN-MATHESON: dude
(155:18 / All) KTRON: youre so confident
(155:18 / All) JOHN-MATHESON: we all know the result
(155:21 / All) Murtar: lets go boss, i won't use one tower
(155:23 / All) JOHN-MATHESON: its guaranteed remember
(155:28 / All) laelfadehyrule: I sawenough of ur ubber skill
(155:31 / All) JOHN-MATHESON: <10 min
(155:33 / All) KTRON: oh please
(155:38 / All) laelfadehyrule: oh please what
(155:42 / Allies) KTRON: i do recall you guys were like
(155:49 / All) KTRON: i do recall
(155:51 / All) laelfadehyrule: this was yopur superb ultra high tech micro
(155:54 / All) Murtar: laelf, if you want to prove yourself in this E-World, 1v1 me :]
(155:55 / All) KTRON: you guys were like
(156:01 / All) KTRON: "HOW DID YOU GET UP THERE"
(156:02 / All) JOHN-MATHESON: well we did out micro all ur air units
(156:05 / All) JOHN-MATHESON: cause i don't see any right now
(156:07 / All) Murtar: they were proud of knocking down the towerwall :]
(156:13 / All) JOHN-MATHESON: yeah
(156:15 / All) KTRON: indeed they were
(156:16 / All) laelfadehyrule: thats not micro
(156:20 / All) KTRON: now look at them
(156:21 / All) laelfadehyrule: }thats castin a spell idiot
(156:21 / All) KTRON: 2 left
(156:26 / All) KTRON: and the one that is left
(156:27 / All) JOHN-MATHESON: i'll enjoy watching the replay and seeing your petty rejoicing
(156:29 / All) KTRON: wont even step up
(156:31 / All) KTRON: to the 1v1
(156:32 / All) Murtar: Towers aren't used for manner or skill, they're used with intent to win.
(156:35 / All) laelfadehyrule: u really really suck, u shoulds just uninstall 
(156:36 / All) Murtar: Discuss.
(156:39 / All) JOHN-MATHESON: well u died, and i didn't
(156:41 / All) JOHN-MATHESON: soooooooo
(156:44 / All) Murtar: discuss.
(156:44 / All) laelfadehyrule: oh I beat your soprry ass 
(156:53 / All) Murtar: actually sure looks the other way around right now lol
(157:04 / All) laelfadehyrule: u have no skill at all , believe it
(157:09 / All) JOHN-MATHESON: i see us with majority of units and better heros, and prob more buildings
(157:09 / All) KTRON: no
(157:15 / All) JOHN-MATHESON: thanks naruto, i will believe it
(157:17 / All) Murtar: Then i suppose you're worse considering you lose :]
(157:23 / All) KTRON: LOL
(157:24 / All) laelfadehyrule: of course more buildings idiot noob , thats all u did
(157:30 / Allies) Murtar: everyone just spam smiles
(157:32 / All) Murtar: :]
(157:34 / All) Murtar: ;]
(157:36 / All) Murtar: ;]
(157:36 / All) JOHN-MATHESON: :0
(157:39 / All) KTRON: :]
(157:40 / All) Murtar: :]
(157:42 / All) Murtar: :]
(157:45 / All) Murtar: :]
(157:46 / All) JOHN-MATHESON: manner up please
(157:47 / All) JOHN-MATHESON: gg
(157:47 / All) Murtar: :]
(157:49 / All) KTRON: ;]
(157:53 / All) Murtar: ;]
(157:53 / All) laelfadehyrule: a map with more gold would have given us the win 
(157:53 / All) KTRON: :]
(157:55 / All) Murtar: ;]
(157:59 / All) KTRON: :]
(158:00 / All) laelfadehyrule: lv 6 on my am = gg
(158:04 / All) JOHN-MATHESON: oh so gold is like ur tower
(158:09 / All) Murtar: level 9 on my bm
(158:09 / All) Murtar: gg
(158:25 / All) KTRON: level 6 on my warden
(158:32 / All) KTRON: and all i did was rape you guys when you came up here
(158:33 / All) laelfadehyrule: all iknow is that any of us can beat any of u, period, go to hell and focu ur cousin redneck bastard